 Dungeon Crawl Stone Soup version 0.16-a0-269-gd5b6136 (webtiles) character file.

58 PotatoesMaster the Skirmisher (level 3, 0/30 HPs)
             Began as a Mummy Berserker on Aug 26, 2014.
             Was a Believer of Trog.
             Slain by a gnoll
             ... wielding a +2 halberd of chopping
              (8 damage)
             ... on Level 2 of the Dungeon.
             The game lasted 00:04:47 (1471 turns).

PotatoesMaster the Skirmisher (Mummy Berserker)     Turns: 1471, Time: 00:04:47

HP   0/30        AC  6     Str 21      XL: 3   Next: 75%
MP  12/12        EV 10     Int  6      God: Trog [**....]
Gold 106         SH  0     Dex 11      Spells:  0 memorised,  2 levels left

rFire  x . .     SeeInvis .     a - +0 mace
rCold  + . .     Clarity  .     f - +0 ring mail
rNeg   + + +     rCorr    .     (no shield)
rPois  +         rRot     +     g - +0 helmet
rElec  .         Spirit   .     (no cloak)
SustAb +         Warding  .     (no gloves)
rMut   .         Stasis   .     (no boots)
Gourm  .                        (no amulet)
MR     .....                    i - ring of magical power
                                e - ring of sustain abilities

@: not resistant to hostile enchantments, very unstealthy
A: no food or potions, fire vulnerability, restore body, cold resistance 1,
negative energy resistance 3, poison resistance, torment resistance, unbreathing
a: Burn Spellbooks, Trog's Hand, Renounce Religion


You were on level 2 of the Dungeon.
You worshipped Trog.
Trog was pleased with you.
You were not hungry.

You visited 1 branch of the dungeon, and saw 3 of its levels.

You collected 106 gold pieces.

Inventory:

Hand weapons
 a - a +0 mace (weapon)
Armour
 b - a +0 animal skin
 f - a +0 ring mail (worn)
 g - a +0 helmet (worn)
Scrolls
 j - 2 scrolls of magic mapping
Jewellery
 e - a ring of sustain abilities (left hand)
 i - a ring of magical power (right hand)


   Skills:
 + Level 3.7 Fighting
 + Level 2.9 Maces & Flails
 + Level 1.9 Armour
 + Level 2.0 Dodging


You had 2 spell levels left.
You didn't know any spells.

Dungeon Overview and Level Annotations

Branches:
Dungeon (3/15)

Altars:
Fedhas
Nemelex Xobeh
Vehumet
The Shining One


Innate Abilities, Weirdness & Mutations

You do not eat or drink.
Your flesh is vulnerable to fire.
Your flesh is cold resistant.
You are immune to negative energy.
Your system is resistant to poisons.
You are immune to unholy pain and torment.
You can survive without breathing.


Message History

You offer a prayer to Trog.
The jackal corpse is consumed in a column of flame.
Trog is pleased with you.
There is a stone staircase leading down here.
You climb downwards.
The hobgoblin misses you.
The gnoll hits you but does no damage. x2
The hobgoblin barely misses you.
There is a stone staircase leading up here.
The gnoll hits you with a club.
The gnoll hits you with a runed halberd!
The hobgoblin hits you.
* * * LOW HITPOINT WARNING * * *
You climb upwards.
There is a stone staircase leading down here.
Read which item? (? for menu, Esc to quit)
Okay, then.
You can't drink.
Unknown command.
The gnoll hits you with a runed halberd!
You die...

############ #..........#
#####.###.###..#
#.....g....##..#
##....@g....##..#
#.......g##.##..#
###....#......##..#####
#.........##.!........#
#.........##.)##..###.#
#########.........##..##...##.#
..........(...................#
#########..#........#.##.#.#<.#
#..#....[........#.#..#


You could see 2 gnolls and a hobgoblin.

Vanquished Creatures
  Terence (D:2)
  An adder (D:2)
  A giant mite (D:1)
  A ball python (D:1)
  4 goblins
  4 hobgoblins
  5 kobolds
  6 bats
  A giant cockroach (D:2)
  2 giant newts (D:1)
  3 jackals
  3 rats
32 creatures vanquished.

Notes
Turn   | Place    | Note
--------------------------------------------------------------
     0 | D:1      | PotatoesMaster, the Mummy Berserker, began the quest for the Orb.
     0 | D:1      | Reached XP level 1. HP: 18/18 MP: 1/1
   196 | D:1      | Reached XP level 2. HP: 20/24 MP: 2/2
   554 | D:1      | Acquired Trog's second power
   761 | D:2      | Reached XP level 3. HP: 29/29 MP: 3/3
   762 | D:2      | Noticed Terence
   779 | D:2      | Killed Terence
  1005 | D:2      | Found a glowing golden altar of the Shining One.
  1034 | D:2      | Found a radiant altar of Vehumet.
  1132 | D:2      | Found a blossoming altar of Fedhas.
  1160 | D:2      | Found a sparkling altar of Nemelex Xobeh.
  1471 | D:2      | Slain by a gnoll

Action                   || total
-------------------------++-------
Melee: Mace              ||    99
  Use: Scroll            ||     5
